 Dungeon Crawl Stone Soup version 0.29-a0-356-g7bc237e783 (webtiles) character file.

Game seed: 9398869953463851050

12877 AttackTheMoon the Fighter (level 11, -2/102 HPs)
             Began as a Minotaur Fighter on Apr 6, 2022.
             Was a High Priest of Qazlal.
             Slain by an ogre
             ... wielding a +0 giant spiked club
              (14 damage)
             ... on level 1 of the Orcish Mines on Aug 23, 2022.
             The game lasted 00:21:21 (12836 turns).

AttackTheMoon the Fighter (Minotaur Fighter)       Turns: 12836, Time: 00:21:23

Health: -2/102     AC: 18    Str: 26    XL:     11   Next: 68%
Magic:  5/5        EV:  9    Int: 14    God:    Qazlal [*****.]
Gold:   73         SH: 11    Dex:  9    Spells: 10/10 levels left

rFire   . . .      SeeInvis .   v - +9 spear of Desertification {antimagic, rElec}
rCold   . . .      Faith    +   c - +0 buckler
rNeg    . . .      Spirit   .   b - +1 scale mail
rPois   +          Reflect  .   (helmet restricted)
rElec   +          Harm     .   (no cloak)
rCorr   +          Rampage  .   D - +2 pair of gloves
Will    .....                   (no boots)
Stlth   ..........              C - amulet of faith
HPRegen 0.27/turn               y - +6 ring of intelligence
MPRegen 0.09/turn               E - ring "Avau" {rCorr Int+3 Slay+4}

@: protected from physical damage, repel missiles
A: horns 2, retaliatory headbutt, iridescent scales 1, poison resistance
a: Renounce Religion, Upheaval, Elemental Force, Disaster Area


You were on level 1 of the Orcish Mines.
You worshipped Qazlal.
Qazlal was extremely pleased with you.
You visited 2 branches of the dungeon, and saw 12 of its levels.

You collected 1235 gold pieces.
You spent 1162 gold pieces at shops.

Inventory:

Hand Weapons
 a - a +0 war axe of electrocution
 d - a +1 broad axe
 t - the +5 war axe of Causality {venom, rN+}
   (You found it on level 7 of the Dungeon)

   It poisons the flesh of those it strikes.
   rN:        It protects you from negative energy.
 v - the +9 spear of Desertification (weapon) {antimagic, rElec}
   (You found it on level 5 of the Dungeon)

   It reduces the magical energy of the wielder, and disrupts the spells and
   magical abilities of those it strikes.
   Natural abilities and divine invocations are not affected.
   rElec:     It insulates you from electricity.
Missiles
 l - 11 javelins (quivered)
Armour
 b - a +1 scale mail (worn)
 c - a +0 buckler (worn)
 k - a +0 pair of gloves
 q - a +1 pair of gloves
 x - the +2 pair of gloves of Moral Flaws {-Tele rElec rC+ Int+7}
   (You found it on level 7 of the Dungeon)

   Int:       It affects your intelligence (+7).
   rC:        It protects you from cold.
   rElec:     It insulates you from electricity.
   -Tele:     It prevents most forms of teleportation.
 D - a +2 pair of gloves (worn)
Jewellery
 y - a +6 ring of intelligence (left hand)
 C - an amulet of faith (around neck)
 E - the ring "Avau" (right hand) {rCorr Int+3 Slay+4}
   (You bought it in a shop on level 6 of the Dungeon)

   [ring of slaying]

   Int:       It affects your intelligence (+3).
   Slay:      It affects your accuracy & damage with ranged weapons and melee
   (+4).
   rCorr:     It protects you from acid and corrosion.
Wands
 e - a wand of polymorph (12)
 i - a wand of paralysis (6)
 p - a wand of flame (19)
 r - a wand of digging (5)
 u - a wand of iceblast (11)
Scrolls
 j - 7 scrolls of blinking
 o - 6 scrolls of teleportation
 A - a scroll of enchant weapon
 B - 3 scrolls of identify
Potions
 f - 2 potions of ambrosia
 g - 3 potions of brilliance
 h - a potion of magic
 m - a potion of mutation
 n - 5 potions of attraction
 s - 2 potions of flight
 w - 2 potions of degeneration
 z - 2 potions of cancellation


   Skills:
 + Level 11.3 Fighting
 + Level 10.9(12.0) Axes
 + Level 8.4(10.8) Polearms
 + Level 11.2 Armour
 - Level 3.6 Shields
 + Level 8.5 Invocations


You had 10 spell levels left.
You didn't know any spells.
Your spell library contained the following spells:

 Spells                   Type           Power      Damage    Failure   Level
 Beastly Appendage        Tmut           0%         N/A       58%         1
 Pain                     Necr           0%         1d4       58%         1
 Ensorcelled Hibernation  Hex/Ice        0%         N/A       73%         2
 Sublimation of Blood     Necr           0%         N/A       73%         2
 Wereblood                Tmut           0%         N/A       73%         2
 Confusing Touch          Hex            0%         N/A       91%         3
 Conjure Flame            Conj/Fire      0%         6-21      91%         3
 Dazzling Flash           Conj/Hex       0%         N/A       91%         3
 Ignite Poison            Fire/Tmut/Pois 0%         N/A       91%         3
 Spider Form              Tmut/Pois      0%         N/A       91%         3
 Anguish                  Hex/Necr       0%         N/A       100%        4
 Sticky Flame             Conj/Fire      0%         2d3       100%        4
 Agony                    Necr           0%         N/A       100%        5
 Excruciating Wounds      Necr           0%         N/A       100%        5
 Iskenderun's Battlesphe  Conj           0%         2d6       100%        5
 Silence                  Hex/Air        0%         N/A       100%        5
 Yara's Violent Unravell  Hex/Tmut       0%         3d3       100%        5
 Iron Shot                Conj/Erth      0%         9d1       100%        6
 Enfeeble                 Hex            0%         N/A       100%        7
 Malign Gateway           Summ/Tloc      0%         N/A       100%        7
 Spellforged Servitor     Conj/Summ      0%         N/A       100%        7
 Summon Hydra             Summ           0%         N/A       100%        7
 Summon Horrible Things   Summ           0%         N/A       100%        8


Dungeon Overview and Level Annotations

Branches:
Dungeon (10/15)            Temple (0/1) D:5             Orc (2/2) D:9
   Lair: D:8-11         Elf: Orc:2

Altars:
Cheibriados
Dithmenos
Gozag
Nemelex Xobeh
Qazlal
Ru
Sif Muna
Uskayaw
Wu Jian
Xom
Zin
Beogh

Shops:
D:6 =(*   Orc:1 !

Annotations:
Orc:2 Donald


Innate Abilities, Weirdness & Mutations

You have a pair of horns on your head.
You reflexively headbutt those who attack you in melee.
You are partially covered in iridescent scales. (AC +2)
Your system is resistant to poisons. (rPois)


Message History

You impale the ogre!!
The ogre is severely wounded.
The orc warrior hits you with a +0 war axe.
* * * LOW HITPOINT WARNING * * *
The ogre is engulfed in blazing flames.
You kill the ogre!
Qazlal accepts your kill. Something hits you but does no damage.
The ogre barely misses you.
You hit something.
The warg stops to sniff the ground.
The warg bites you but does no damage.
You're too confused to move!
The orc warrior is engulfed in freezing vapours.
The orc warrior hits you but does no damage.
Something hits you but does no damage. The warg bites you!
* * * LOW HITPOINT WARNING * * *
The ogre hits you with a +0 giant spiked club.
* * * LOW HITPOINT WARNING * * *
The warg bites you but does no damage.
You completely miss the warg.
The warg is severely wounded.
The warg is engulfed in blazing flames.
You kill the warg!
Qazlal accepts your kill. x2
Reactivating autopickup.
You feel a bit more experienced.
The orc warrior attacks as you move away!
The orc warrior hits you with a +0 war axe.
* * * LOW HITPOINT WARNING * * *
The ogre is engulfed in freezing vapours.
You hit the orc warrior but do no damage.
You headbutt the orc warrior!
The orc warrior is almost dead.
You feel less invigorated.
You feel less confused. You block the orc warrior's attack.
The ogre hits you with a +0 giant spiked club!
Bones file is buggy: /crawl-master/crawl-git/saves/bones/bones.store.Orc Clearing bad bones file: /crawl-master/crawl-git/saves/bones/bones.store.Orc You die...

..........................#
.................##.#....##
.........................####
...[.......#..#.........###.##
<...........##...........#...#
..)[.)............).......#..##
.#...[..).......°○○)[#...#....#
#.....[[>........O°.°........##
................@o......##....#
....#....##....○..§...#.#.#..##
#....#.....#######.........###
....#.#...## ##........#
[.........#########.#...#.##
..#.#.#...##8...8###...####
..##......##.....# ##.##
...#......##.._..# ###
..#.#.#..###.....#


You could see an orc warrior and an ogre.

Vanquished Creatures
  A centaur warrior (D:9)
  An ugly thing (D:7)
  An orc sorcerer (Orc:1)
  2 gargoyles (D:9)
  Psyche (D:8)
  Maggie (D:8)
  2 kobold demonologists
  3 trolls
  2 hornets
  A centaur simulacrum (D:9)
  A shadow (D:9)
  A vampire (D:9)
  Grum (D:8)
  13 yaks
  A steam dragon (D:7)
  Menkaure (D:5)
  3 wargs (Orc:1)
  A water moccasin (D:7)
  Duvessa (D:5)
  2 sky beasts
  An ice beast (D:6)
  5 orc warriors
  3 black bears
  2 wolves (D:8)
  3 ogres
  A phantom (D:5)
  A centaur (D:10)
  4 kobold brigands
  5 necrophages
  5 bullfrogs
  2 gnoll sergeants
  6 scorpions
  2 wights (D:9)
  Dowan (D:5)
  7 killer bees (D:9)
  A howler monkey (D:9)
  14 orc priests
  A gnoll shaman (D:5)
  7 hounds
  3 jellies
  Jessica (D:3)
  21 orc wizards
  8 iguanas
  Ijyb (D:3)
  Robin (D:2)
  13 gnolls
  14 adders
  4 white imps
  6 worms
  2 dart slugs
  61 orcs
  5 endoplasms
  A giant cockroach (D:2)
  17 goblins
  8 hobgoblins
  5 jackals
  21 kobolds
  8 quokkas
  8 ball pythons
  8 bats
  4 frilled lizards
  7 rats
338 creatures vanquished.

Vanquished Creatures (collateral kills)
  An ice beast (D:5)
  3 orcs
4 creatures vanquished.

Vanquished Creatures (others)
  An orc (D:7)
1 creature vanquished.

Grand Total: 343 creatures vanquished

Notes
Turn   | Place    | Note
-------+----------+-------------------------------------------
     0 | D:1      | AttackTheMoon the Minotaur Fighter began the quest for the
                  | Orb.
     0 | D:1      | Reached XP level 1. HP: 19/19 MP: 0/0
   255 | D:1      | Reached XP level 2. HP: 27/27 MP: 1/1
   908 | D:2      | Reached XP level 3. HP: 23/33 MP: 2/2
  1264 | D:2      | Noticed Robin
  1273 | D:2      | Reached XP level 4. HP: 40/41 MP: 3/3
  1279 | D:2      | Killed Robin
  1324 | D:2      | Found a faded altar of an unknown god.
  1379 | D:2      | Prayed at the altar of an unknown god.
  1379 | D:2      | Became a worshipper of Qazlal Stormbringer
  1379 | D:2      | Reached * piety under Qazlal
  1790 | D:3      | Noticed Ijyb
  1798 | D:3      | Killed Ijyb
  1799 | D:3      | Reached XP level 5. HP: 47/47 MP: 4/4
  1844 | D:3      | Reached skill level 5 in Fighting
  1903 | D:3      | Found an opulent altar of Gozag.
  1973 | D:3      | Reached skill level 5 in Armour
  2204 | D:3      | Reached skill level 1 in Invocations
  2338 | D:3      | Reached ** piety under Qazlal
  2444 | D:3      | Noticed Jessica
  2450 | D:3      | Killed Jessica
  2937 | D:4      | Reached XP level 6. HP: 56/56 MP: 6/6
  3500 | D:4      | Found a shimmering blue altar of Sif Muna.
  3694 | D:5      | Entered Level 5 of the Dungeon
  3714 | D:5      | Reached skill level 5 in Axes
  3837 | D:5      | Reached XP level 7. HP: 63/63 MP: 7/7
  4197 | D:5      | Noticed Menkaure
  4214 | D:5      | Killed Menkaure
  4449 | D:5      | Found a staircase to the Ecumenical Temple.
  4476 | D:5      | Reached XP level 8. HP: 71/71 MP: 9/9
  4477 | D:5      | Noticed Duvessa
  4477 | D:5      | Noticed Dowan
  4485 | D:5      | Killed Duvessa
  4499 | D:5      | Killed Dowan
  4964 | D:5      | Identified the -2 helmet of Binnok {rPois}
  4973 | D:5      | Reached *** piety under Qazlal
  5005 | D:5      | Identified the +9 spear of Desertification {antimagic,
                  | rElec}
  5152 | D:5      | Reached skill level 1 in Polearms
  5222 | D:5      | Reached skill level 5 in Invocations
  5233 | D:5      | Reached XP level 9. HP: 60/81 MP: 3/11
  5814 | D:6      | Found Qyrgh's Assorted Antiques.
  5843 | D:6      | Found Ceampu's Antique Weapon Shoppe.
  5856 | D:6      | Found Koink's Jewellery Boutique.
  6571 | D:7      | Identified the +5 war axe of Causality {venom, rN+}
  6577 | D:7      | Upgraded the game from 0.29-a0-322-g68df515428 to
                  | 0.29-a0-323-g050149af67
  6603 | D:7      | Found a snail-covered altar of Cheibriados.
  6603 | D:7      | Found a sparkling altar of Nemelex Xobeh.
  6755 | D:7      | Found a shadowy altar of Dithmenos.
  6834 | D:7      | Identified the +2 pair of gloves of Moral Flaws {-Tele
                  | rElec rC+ Int+7}
  6931 | D:7      | Found a sacrificial altar of Ru.
  7036 | D:7      | Found a hide-covered altar of Uskayaw.
  7370 | D:7      | Found a shimmering altar of Xom.
  7526 | D:8      | Noticed Psyche
  7575 | D:8      | Killed Psyche
  7575 | D:8      | Noticed a cyan ugly thing
  7576 | D:8      | Reached skill level 5 in Polearms
  7576 | D:8      | Reached XP level 10. HP: 85/91 MP: 4/13
  7578 | D:7      | Upgraded the game from 0.29-a0-323-g050149af67 to
                  | 0.29-a0-356-g7bc237e783
  7612 | D:7      | Killed a cyan ugly thing
  7878 | D:8      | Reached **** piety under Qazlal
  7879 | D:8      | Noticed Grum
  7889 | D:8      | Noticed Maggie
  7897 | D:8      | Paralysed by Maggie for 5 turns
  7909 | D:8      | Killed Maggie
  7911 | D:8      | Gained mutation: Your system is resistant to poisons.
                  | (rPois) [potion of mutation]
  7911 | D:8      | Gained mutation: You are partially covered in iridescent
                  | scales. (AC +2) [potion of mutation]
  8292 | D:8      | Killed Grum
  8485 | D:8      | Found a glowing silver altar of Zin.
  8751 | D:9      | Reached skill level 10 in Fighting
  8789 | D:9      | Reached skill level 10 in Armour
  9091 | D:9      | Found a staircase to the Orcish Mines.
  9140 | D:9      | Reached ***** piety under Qazlal
  9281 | D:9      | Found an ornate altar of the Wu Jian Council.
  9290 | D:9      | Noticed a centaur warrior
  9309 | D:9      | Killed a centaur warrior
  9321 | D:9      | Reached skill level 10 in Axes
  9321 | D:9      | Reached XP level 11. HP: 59/101 MP: 5/15
  9386 | D:9      | HP: 2/101 [gargoyle/+0 flail (15)]
  9782 | D:9      | Found a stormy altar of Qazlal.
 10360 | D:10     | Entered Level 10 of the Dungeon
 10914 | D:10     | Noticed a death knight
 10915 | D:10     | Noticed a phantasmal warrior
 10915 | D:10     | Noticed a skeletal warrior
 11301 | Orc:1    | Entered Level 1 of the Orcish Mines
 11301 | Orc:1    | Found Ubad's Distillery.
 12475 | D:6      | Bought the ring "Avau" {rCorr Int+3 Slay+4} for 1162 gold
                  | pieces
 12585 | Orc:2    | Entered Level 2 of the Orcish Mines
 12585 | Orc:2    | Noticed an orc sorcerer
 12612 | Orc:2    | Noticed an orc sorcerer
 12706 | Orc:2    | Noticed Donald
 12713 | Orc:1    | Killed an orc sorcerer
 12832 | Orc:1    | HP: 5/102 [warg (12)]
 12832 | Orc:1    | HP: 2/102 [ogre/+0 giant spiked club (3)]
 12836 | Orc:1    | Slain by an ogre

Illustrated notes

Levels and vault maps discovered:
D:1:      lightli_arrival_chessboard, layout_basic
D:2:      layout_basic, basic_ecumenical_altar, small_statue_intersection,
          corexii_shack, minmay_unequal, uniq_robin
D:3:      layout_loops_cross, nicolae_gozag_cash_rules_everything_around_me,
          st_stairs_2, uniq_ijyb, uniq_jessica
D:4:      layout_rooms, nicolae_sif_muna_little_library,
          serial_co_window_serial, co_window_paths_a,
          co_window_of_opportunity_a, co_window_of_opportunity_a,
          co_window_paths_a, co_window_corner_a, co_window_2corner,
          co_window_unsneaky_path_d, co_window_corner_b,
          co_window_unsneaky_path_b, co_window_broadway_c
D:5:      minmay_polygon_palace, layout_loops_ring, minmay_temple_entry_ruins,
          uniq_menkaure, uniq_duvessa
D:6:      hellmonk_destroyed_diamonds, layout_basic, serial_shops, shop, shop,
          nicolae_shop_trees, minmay_hedge_maze
D:7:      layout_gridville, amethyst_overflow_temple_binary,
          nicolae_uskayaw_dance_hall, mainiacjoe_overflow_big_doors,
          nicolae_dithmenos_through_a_glass_darkly, minmay_misc_feat_cross
D:8:      layout_rooms, zin_scriptorium, minmay_microvault, uniq_maggie,
          uniq_grum, uniq_psyche
D:9:      layout_loops_ring, mainiacjoe_overflow_surrounded_room,
          hiddenorc2_lemuel, minmay_ruined_shrine
D:10:     layout_cave_pods, minmay_misc_feat_rugged
Orc:1:    layout_caves, serial_shops, nicolae_shop_stone,
          nicolae_orc_lost_temple
Orc:2:    st_orc_rangers, layout_caves, mines5_lemuel, uniq_erolcha,
          uniq_saint_roka, uniq_donald

Skill      XL: |  1  2  3  4  5  6  7  8  9 10 11 |
---------------+----------------------------------+-----
Fighting       | 4 5 6 8 9 10 11 | 11.3
Armour         | 4 5 6 8 9 10 11 | 11.2
Axes           | 3 4 5 6 7 8 10 | 10.9
Invocations    | 1 2 3 5 6 7 8 |  8.5
Polearms       | 2 5 7 8 |  8.4
Shields        | |  3.6

Action                   |  1- 3 |  4- 6 |  7- 9 | 10-12 || total
-------------------------+-------+-------+-------+-------++-------
Melee: War axe           |    77 |    91 |       |       ||   168
       Headbutt          |     8 |    24 |    42 |    75 ||   149
       Broad axe         |       |    35 |    77 |       ||   112
       Spear             |       |       |   182 |   482 ||   664
Throw: Javelin           |       |       |       |     4 ||     4
Invok: Upheaval          |       |       |       |     2 ||     2
       Elemental Force   |       |       |       |     1 ||     1
  Use: Scroll            |     3 |    10 |     8 |     5 ||    26
       Potion            |     1 |       |     1 |     8 ||    10
Armor: Scale mail        |    39 |    44 |    69 |   109 ||   261
       Skin              |       |       |       |    15 ||    15
Dodge: Dodged            |    35 |    35 |    52 |    88 ||   210
Block: Buckler           |    16 |    35 |    89 |   139 ||   279

Table legend: (Time is in decaauts)
 A = Elapsed time spent in this place.
 B = Non-inter-level travel time spent in this place.
 C = Inter-level travel time spent in this place.
 D = Time resting spent in this place.
 E = Time spent auto-exploring this place.
 F = Levels seen in this place.
 G = Mean time per level.
                   A        B        C        D        E       F      G
               +--------+--------+--------+--------+--------+-----+--------+
         Total |  12762 |  12189 |    573 |   1873 |   8398 |  12 | 1063.5 |
       Dungeon |  11773 |  11248 |    525 |   1407 |   8077 |  10 | 1177.3 |
  Orcish Mines |    989 |    941 |     48 |    466 |    321 |   2 |  494.5 |
               +--------+--------+--------+--------+--------+-----+--------+

Top non-repeatable levels by time:
     D:9: 2608 daAuts
     D:5: 1767 daAuts
     D:7: 1447 daAuts
     D:4: 1021 daAuts
     D:6: 988 daAuts
     D:2: 971 daAuts
   Orc:1: 971 daAuts
     D:3: 909 daAuts
     D:1: 863 daAuts
     D:8: 608 daAuts
    D:10: 588 daAuts
   Orc:2: 18 daAuts
